 Dungeon Crawl Stone Soup version 0.26-a0-200-g62faa89a7e (webtiles) character file.

Game seed: 8663791226819770355

650 Gargoyl the Skirmisher (level 7, -5/59 HPs)
             Began as a Centaur Abyssal Knight on July 5, 2020.
             Was a Priest of Lugonu.
             Slain by an ogre
             ... wielding a +0 giant spiked club
              (15 damage)
             ... on level 5 of the Dungeon.
             The game lasted 00:05:51 (4716 turns).

Gargoyl the Skirmisher (Centaur Abyssal Knight)     Turns: 4716, Time: 00:05:52

Health: -5/59      AC: 10    Str: 21    XL:     7   Next: 28%
Magic:  9/9        EV:  6    Int: 11    God:    Lugonu [***...]
Gold:   269        SH:  0    Dex: 10    Spells: 6/6 levels left

rFire    . . .     SeeInvis .   a - +1 hand axe
rCold    . . .     Faith    .   (no shield)
rNeg     . . .     Spirit   .   k - +0 chain mail
rPois    .         Reflect  .   b - +1 helmet
rElec    .         Harm     .   (no cloak)
rCorr    .                      (no gloves)
MR       .....                  (no barding)
Stlth    ..........             (no amulet)
HPRegen  0.19/turn              d - +6 ring of strength
MPRegen  0.11/turn              m - ring of flight

@: very quick
A: large, hooves 3, deformed body, speed 2, tough skin 3
a: Depart the Abyss, Bend Space, Banish, Renounce Religion, Evoke Flight


You were on level 5 of the Dungeon.
You worshipped Lugonu.
Lugonu was most pleased with you.
You were not hungry.

You visited 1 branch of the dungeon, and saw 5 of its levels.
You visited the Abyss 1 time.

You collected 269 gold pieces.

Inventory:

Hand Weapons
 a - a +1 hand axe (weapon)
Missiles
 p - 5 boomerangs (quivered)
Armour
 b - a +1 helmet (worn)
 k - a +0 chain mail (worn)
Jewellery
 d - a +6 ring of strength (left hand)
 m - a ring of flight (right hand)
Wands
 r - a wand of flame (14)
 t - a wand of clouds (5)
 u - a wand of iceblast (6)
 v - a wand of paralysis (16)
Scrolls
 e - 7 scrolls of remove curse
 h - 2 scrolls of identify
 s - a scroll of magic mapping
Potions
 f - a potion of resistance {unknown}
 g - a potion of heal wounds
 i - 2 potions of curing
 j - a potion of magic
 l - 2 potions of invisibility {unknown}
 n - 2 potions of cancellation
 o - 3 potions of haste
 q - 2 potions of lignification {unknown}
Comestibles
 c - 14 rations
 w - 3 chunks of flesh


   Skills:
 + Level 4.1 Fighting
 + Level 3.9 Axes
 * Level 3.8 Armour
 * Level 2.0 Dodging
 * Level 3.7 Invocations


You had 6 spell levels left.
You didn't know any spells.
Your spell library contained the following spells:

 Spells                   Type           Power        Failure   Level  Hunger
 Magic Dart               Conj           #...         97%         1    ##.....
 Blink                    Tloc           N/A          99%         2    ###....
 Call Imp                 Summ           #.......     99%         2    ###....
 Slow                     Hex            #.......     99%         2    ###....
 Conjure Flame            Conj/Fire      #.......     100%        3    ####...
 Mephitic Cloud           Conj/Pois/Air  #.......     100%        3    ####...


Dungeon Overview and Level Annotations

Branches:
Dungeon (5/15)             Temple (0/1) D:5

Altars:
Fedhas
Gozag
Sif Muna


Innate Abilities, Weirdness & Mutations

You have hooves in place of feet.
Armour fits poorly on your strangely shaped body.
You cover ground very quickly.
You have extremely tough skin. (AC +3)


Message History

The ogre hits you with a +0 giant spiked club!
You hit the ogre.
The ogre is severely wounded.
The ogre barely misses you.
You hit the ogre.
The ogre is severely wounded.
Your chain mail prevents you from hitting the ogre.
The ogre is severely wounded.
The ogre hits you with a +0 giant spiked club!
You closely miss the ogre. You kick the ogre.
The ogre is almost dead.
The ogre barely misses you.
You barely miss the ogre.
The ogre is almost dead.
The ogre hits you with a +0 giant spiked club!
* * * LOW HITPOINT WARNING * * *
You hit the ogre but do no damage.
The ogre is almost dead.
The ogre hits you with a +0 giant spiked club!
You die...

............# ..
...[........#
.##+###............#
.....#............###
....###########....#
#...##........#....#
#####...##........#....#
.......O##....##..#....#
.......@##....##..#....#
.##.....##........#....#
#.....##........#....#
#...............#.....
#....?########..#.....
####### #........
####..... #..... #.....


You could see an ogre.

Vanquished Creatures
  An ice beast (D:4)
  A phantom (D:4)
  A scorpion (D:5)
  A jelly (D:5)
  A hound (D:4)
  2 orc wizards (D:3)
  2 iguanas (D:4)
  Natasha (thrice) (D:3)
  Robin (D:4)
  2 howler monkey skeletons
  2 adders
  2 shadow imps (D:5)
  An adder skeleton (D:4)
  2 worms (D:3)
  2 dart slugs
  13 orcs
  4 giant cockroaches
  9 goblins
  12 hobgoblins
  2 jackals (D:1)
  3 quokkas
  11 bats
  6 frilled lizards
  4 kobolds
  19 rats
107 creatures vanquished.

Notes
Turn   | Place    | Note
-------+----------+-------------------------------------------
     0 | Abyss:1  | Gargoyl the Centaur Abyssal Knight began the quest for the
                  | Orb.
     0 | Abyss:1  | Reached XP level 1. HP: 19/19 MP: 2/2
     0 | Abyss:1  | Found a corrupted altar of Lugonu.
    17 | Abyss:1  | Noticed a small abomination
    17 | Abyss:1  | Noticed a thrashing horror
    17 | Abyss:1  | Noticed a ynoxinul
    18 | Abyss:1  | Noticed a great orb of eyes
    59 | Abyss:3  | Noticed a smoke demon
    62 | D:1      | Escaped the Abyss
   252 | D:1      | Reached * piety under Lugonu
   317 | D:1      | Reached XP level 2. HP: 26/26 MP: 3/3
  1071 | D:2      | Reached skill level 1 in Dodging
  1074 | D:2      | Reached XP level 3. HP: 28/31 MP: 4/4
  1155 | D:2      | Found an opulent altar of Gozag.
  1231 | D:2      | Found a faded altar of an unknown god.
  1249 | D:2      | Reached ** piety under Lugonu
  1676 | D:2      | Found a shimmering blue altar of Sif Muna.
  1990 | D:3      | You fall into a shaft and drop 1 floor!
  2011 | D:4      | Reached XP level 4. HP: 13/38 MP: 5/5
  2493 | D:3      | Found a blossoming altar of Fedhas.
  2594 | D:3      | Reached XP level 5. HP: 46/46 MP: 6/6
  2707 | D:3      | Noticed Natasha
  2718 | D:3      | Killed Natasha
  2922 | D:3      | Noticed Natasha
  2930 | D:3      | Killed Natasha
  2931 | D:3      | Noticed Natasha
  2939 | D:3      | Killed Natasha
  3180 | D:3      | Reached *** piety under Lugonu
  3266 | D:4      | Noticed an ice beast
  3274 | D:4      | Killed an ice beast
  3274 | D:4      | Reached XP level 6. HP: 28/52 MP: 8/8
  3717 | D:4      | Reached skill level 4 in Fighting
  3934 | D:4      | Noticed Robin
  3956 | D:4      | Killed Robin
  4115 | D:4      | Reached XP level 7. HP: 59/59 MP: 9/9
  4225 | D:5      | Entered Level 5 of the Dungeon
  4395 | D:5      | Found a staircase to the Ecumenical Temple.
  4716 | D:5      | Slain by an ogre

Illustrated notes

Levels and vault maps discovered:
D:1:      evilmike_arrival_crescent, layout_loops_ring, minmay_misc_feat_five,
          skrybe_limestone_x, minmay_rat_gold_closets
D:2:      layout_basic, lemuel_crystal_altar, lemuel_doored_altar,
          chequers_ecumenical_altar_simple_redux, serial_rivers,
          chequers_serial_rivers_small_b, chequers_serial_rivers_large_b,
          chequers_serial_rivers_small_3, chequers_serial_rivers_micro_e,
          chequers_serial_rivers_micro_e
D:3:      layout_rooms, first_ration, fedhas_altar_3, uniq_natasha
D:4:      layout_basic, uniq_robin
D:5:      layout_gridville, minmay_temple_entry_nine_rooms

Skill      XL: |  1  2  3  4  5  6  7 |
---------------+----------------------+-----
Axes           | 2 3 |  3.9
Dodging        | 1 2 |  2.0
Armour         | 2 3 |  3.8
Invocations    | 3 |  3.7
Fighting       | 4 |  4.1

Action                   |  1- 3 |  4- 6 |  7- 9 || total
-------------------------+-------+-------+-------++-------
Melee: Hand axe          |   100 |   176 |    38 ||   314
       Kick              |    17 |    37 |    12 ||    66
Invok: Depart the Abyss  |     1 |       |       ||     1
  Use: Scroll            |     2 |     6 |     3 ||    11
       Potion            |     4 |       |       ||     4
  Eat: Chunk             |     2 |     6 |     2 ||    10
Armor: Leather armour    |    30 |       |       ||    30
       Chain mail        |    41 |   130 |    11 ||   182
Dodge: Dodged            |    51 |    47 |    15 ||   113

Table legend:
 A = Non-vault XP
 B = Vault XP
 C = Vault XP percentage of total XP
 D = Non-vault monster count
 E = Vault monster count
 F = Vault count percentage of total count
                 A         B        C        D         E       F
            +---------+---------+-------+---------+---------+-------
      Total |     858 |      71 |   7.6 |      91 |      16 |  15.0
            +---------+---------+-------+---------+---------+-------
        D:1 |      25 |       9 |  26.5 |      15 |       9 |  37.5
        D:2 |      43 |       0 |   0.0 |      18 |       0 |   0.0
        D:3 |     223 |      36 |  13.9 |      40 |       1 |   2.4
        D:4 |     401 |      26 |   6.1 |      11 |       6 |  35.3
        D:5 |     166 |       0 |   0.0 |       7 |       0 |   0.0
            +---------+---------+-------+---------+---------+-------
